 Dungeon Crawl Stone Soup version 0.30-a0-475-g03497ec522 (webtiles) character file.

Game seed: 115720003619370765

156 tilp the Shield-Bearer (level 5, -2/46 HPs)
             Began as a Meteoran Fighter on Dec 20, 2022.
             Killed from afar by Duvessa (11 damage)
             ... with a puff of flame
             ... on level 4 of the Dungeon.
             The game lasted 00:05:42 (1029 turns).

tilp the Shield-Bearer (Meteoran Fighter)           Turns: 1029, Time: 00:05:42

Health: -2/46      AC:  9    Str: 18    XL:     5   Next: 98%
Magic:  6/6        EV: 10    Int:  9    God:
Gold:   34         SH:  5    Dex: 15    Spells: 4/4 levels left

rFire   . . .      SeeInvis +    a - +0 long sword
rCold   . . .      Faith    .    c - +0 buckler
rNeg    . . .      Spirit   .    b - +0 scale mail
rPois   .          Reflect  .    (no helmet)
rElec   .          Harm     .    d - +0 cloak
rCorr   .          Rampage  .    (no gloves)
Will    .....                    r - +0 pair of boots
Stlth   ..........               (no amulet)
HPRegen 0.27/turn                j - ring of see invisible
MPRegen 0.10/turn                (no ring)

@: mighty, glowing
A: sense surroundings 1, otherworldly, glowing, explore regen
a: no special abilities


You were on level 4 of the Dungeon.
You visited 1 branch of the dungeon, and saw 5 of its levels.

You collected 97 gold pieces.
You spent 63 gold pieces at shops.

Inventory:

Hand Weapons
 a - a +0 long sword (weapon)
Armour
 b - a +0 scale mail (worn)
 c - a +0 buckler (worn)
 d - a +0 cloak (worn)
 r - a +0 pair of boots (worn)
Jewellery
 j - a ring of see invisible (left hand)
 o - a ring of fire
Scrolls
 e - 4 scrolls of identify
 g - a scroll of enchant weapon {unknown}
 h - a scroll of fog {unknown}
 i - a scroll of blinking {unknown}
 k - a scroll of brand weapon {unknown}
 l - a scroll of enchant armour {unknown}
 m - a scroll of teleportation {unknown}
 n - a scroll of magic mapping
Potions
 f - a potion of resistance
 p - a potion of curing
 q - a potion of might


   Skills:
 - Level 4.0 Fighting
 + Level 3.4 Long Blades
 - Level 4.0 Armour
 * Level 3.3 Dodging
 + Level 1.3 Stealth
 - Level 4.0 Shields


You had 4 spell levels left.
You didn't know any spells.
Your spell library contained the following spells:

 Spells                   Type           Power      Damage    Failure   Level
 Gell's Gravitas          Tloc           0%         N/A       99%         3
 Ignite Poison            Fire/Tmut/Pois 0%         N/A       99%         3
 Kindle Blastsparks       Fire/Tloc/Air  0%         2d10      99%         3
 Lesser Beckoning         Tloc           0%         N/A       99%         3
 Teleport Other           Tloc           0%         N/A       99%         3
 Freezing Cloud           Conj/Ice/Air   0%         6-21      100%        5


Dungeon Overview and Level Annotations

Branches:
Dungeon (5/15) Zot: 1927
 Temple: D:4-7

Altars:

Shops:
D:4 *

Annotations:
D:4 Dowan, Duvessa


Innate Abilities, Weirdness & Mutations

You passively map a small area around you.
You are easily found by Zot.
You glow in the dark.
You regain HP and MP as you explore.


Message History

You hit Duvessa.
Duvessa is heavily wounded.
You block Dowan's attack.
Duvessa hits you with a +1 rapier of speed.
* * * LOW HITPOINT WARNING * * *
You closely miss Duvessa.
Duvessa is heavily wounded.
Duvessa hits you but does no damage. Dowan hits you but does no damage.
Duvessa completely misses you.
You barely miss Duvessa.
Duvessa is heavily wounded.
Dowan hits you but does no damage.
Duvessa hits you with a +1 rapier of speed.
* * * LOW HITPOINT WARNING * * *
Duvessa barely misses you. You block Dowan's attack.
You hit Duvessa.
Duvessa is heavily wounded.
Duvessa hits you but does no damage. Dowan hits you with a +0 dagger.
* * * LOW HITPOINT WARNING * * *
You block Duvessa's attack.
Unknown command.
You closely miss Duvessa.
Duvessa is heavily wounded.
Duvessa closely misses you.
Dowan gestures at Duvessa while chanting.
Duvessa seems to speed up.
Duvessa hits you with a +1 rapier of speed.
* * * LOW HITPOINT WARNING * * *
You barely miss Duvessa.
Duvessa is heavily wounded.
Duvessa closely misses you.
Dowan smirks and points a slender finger.
Dowan hits you but does no damage.
Duvessa zaps a wand.
The puff of flame hits you but does no damage.
Unknown command.
You completely miss Duvessa.
Duvessa is heavily wounded.
Duvessa hits you but does no damage. Dowan barely misses you.
Duvessa zaps a wand.
The puff of flame hits you!
You die...

##...........## #.#
#......#......## #.#
.....#####.....## #.# ....##
##.....# #.# ...## ##....##
#.#### ..## ##....#### #..... ..#
#....'..# #..... .## ##...'..#
*#..... ..# #...@e..# ***#......
..## ##...e#..#***,.......# ...##
##....##,...#*........# ....##
##.....#*,,#...........#
.....#####.....##,,,,,#.........#
#......#......##**,,,,+.>.......#
##...........## *,,,,**,,,,,,,,*
##.........## **,,,,**,,,,,,,,*
###.....### *,,,,,***********


You could see Duvessa (fast) and Dowan.

Vanquished Creatures
  Crazy Yiuf (D:2)
  A jelly (D:4)
  5 adders
  2 worms (D:2)
  A dart slug (D:1)
  3 endoplasms
  2 giant cockroaches (D:4)
  6 goblins
  3 hobgoblins
  3 jackals (D:3)
  3 quokkas
  3 ball pythons
  3 bats
  5 frilled lizards
  4 kobolds
  A rat (D:1)
46 creatures vanquished.

Notes
Turn   | Place    | Note
-------+----------+-------------------------------------------
     0 | D:1      | tilp the Meteoran Fighter began the quest for the Orb.
     0 | D:1      | Reached XP level 1. HP: 19/19 MP: 2/2
   150 | D:1      | Reached XP level 2. HP: 26/26 MP: 3/3
   181 | D:1      | Reached skill level 1 in Dodging
   254 | D:2      | Reached XP level 3. HP: 31/31 MP: 4/4
   271 | D:2      | Found a runed translucent door.
   272 | D:2      | Noticed Crazy Yiuf
   278 | D:2      | Killed Crazy Yiuf
   279 | D:2      | Reached XP level 4. HP: 24/38 MP: 5/5
   402 | D:2      | Reached skill level 1 in Stealth
   426 | D:2      | Reached XP level 5. HP: 46/46 MP: 6/6
   650 | D:4      | Found Bueggullus's Bounteous Boutique.
   655 | D:4      | Bought a +0 pair of boots for 63 gold pieces
   685 | D:5      | Entered Level 5 of the Dungeon
  1015 | D:4      | Noticed Duvessa
  1016 | D:4      | Noticed Dowan
  1029 | D:4      | Killed from afar by Duvessa

Illustrated notes

Levels and vault maps discovered:
D:1:      psy_arrival_whirlpool, layout_rooms
D:2:      layout_basic, nicolae_figureground_sparkle, uniq_crazy_yiuf_cottage
D:3:      layout_loops_cross, marbit_many_paths
D:4:      layout_basic, nicolae_alphabet_shops, kennysheep_donut,
          kennysheep_generic_room_10, uniq_duvessa, uniq_ijyb
D:5:      layout_loops_ring

Skill      XL: |  1  2  3  4  5 |
---------------+----------------+-----
Dodging        | 1 2 3 |  3.3
Armour         | 4 |  4.0
Shields        | 4 |  4.0
Long Blades    | 3 |  3.4
Stealth        | 1 |  1.3
Fighting       | 4 |  4.0

Action                   |  1- 3 |  4- 6 || total
-------------------------+-------+-------++-------
Melee: Long sword        |    33 |   101 ||   134
  Use: Scroll            |     2 |     3 ||     5
       Potion            |     1 |     1 ||     2
Armor: Scale mail        |    12 |    66 ||    78
Dodge: Dodged            |    10 |    46 ||    56
Block: Buckler           |     6 |    25 ||    31

Table legend: (Time is in decaauts)
 A = Elapsed time spent in this place.
 B = Non-inter-level travel time spent in this place.
 C = Inter-level travel time spent in this place.
 D = Time resting spent in this place.
 E = Time spent auto-exploring this place.
 F = Levels seen in this place.
 G = Mean time per level.
                   A        B        C        D        E       F      G
               +--------+--------+--------+--------+--------+-----+--------+
         Total |   1071 |    957 |    114 |      0 |      0 |   5 |  214.2 |
       Dungeon |   1071 |    957 |    114 |      0 |      0 |   5 |  214.2 |
               +--------+--------+--------+--------+--------+-----+--------+

Top non-repeatable levels by time:
     D:4: 390 daAuts
     D:1: 256 daAuts
     D:2: 254 daAuts
     D:3: 155 daAuts
     D:5: 13 daAuts
